 Dungeon Crawl Stone Soup version 0.18-b1-18-g7758cf2 (webtiles) character file.

5012 nikopol the Spear-Bearer (level 10, -3/91 HPs)
             Began as a Minotaur Berserker on May 2, 2016.
             Was an Elder of Trog.
             Killed from afar by an electric eel (7 damage)
             ... with a bolt of electricity
             ... on level 9 of the Dungeon.
             The game lasted 02:01:09 (7809 turns).

nikopol the Spear-Bearer (Minotaur Berserker)       Turns: 7809, Time: 02:01:10

Health: -3/91      AC: 17    Str: 27    XL:     10   Next: 29%
Magic:  9/9        EV: 14    Int:  4    God:    Trog [****..]
Gold:   536        SH:  5    Dex: 12    Spells: 0 memorised, 9 levels left

rFire  . . .     SeeInvis .     H - +0 trident
rCold  . . .     Gourm    .     j - +0 ring mail
rNeg   . . .     Faith    .     (no shield)
rPois  +         Spirit   .     (helmet restricted)
rElec  .         Dismiss  .     M - +2 cloak {rPois}
rCorr  .         Reflect  +     (no gloves)
SustAt .         Harm     .     k - +0 pair of boots
MR     ++...                    O - +5 amulet of reflection
Stlth  +.........               y - +4 ring of strength
                                w - +6 ring of protection

@: regenerating, very resistant to hostile enchantments, very unstealthy
A: retaliatory headbutt, horns 2
a: Berserk, Trog's Hand, Brothers in Arms, Burn Spellbooks, Renounce Religion


You were on level 9 of the Dungeon.
You worshipped Trog.
Trog was greatly pleased with you.
You were hungry.

You visited 1 branch of the dungeon, and saw 9 of its levels.

You collected 536 gold pieces.

Inventory:

Hand Weapons
 a - a +0 spear
 G - a +0 halberd
 H - a +0 trident (weapon)
Missiles
 N - 9 tomahawks (quivered)
Armour
 b - a +0 animal skin
 j - a +0 ring mail (worn)
 k - a +0 pair of boots (worn)
 M - a +2 cloak of poison resistance (worn)
Jewellery
 w - a +6 ring of protection (left hand)
 y - a +4 ring of strength (right hand)
 I - a cursed ring of loudness {unknown}
 O - a +5 amulet of reflection (around neck)
 Q - an uncursed ring of wizardry {unknown}
 S - an uncursed amulet of the gourmand {unknown}
Wands
 A - a wand of iceblast (2/15)
 B - a wand of confusion (23/48)
 E - a wand of slowing (28/48)
 J - a wand of lightning (6/15)
 T - a wand of disintegration (15/24)
Scrolls
 e - a scroll of teleportation {unknown}
 f - 8 scrolls of identify {unknown}
 g - 2 scrolls of blinking {unknown}
 h - 4 scrolls of random uselessness {unknown}
 i - 5 scrolls of recharging {unknown}
 m - 3 scrolls of amnesia {unknown}
 p - 5 scrolls of fear {unknown}
 q - 2 scrolls of noise {unknown}
 r - 5 scrolls of remove curse {unknown}
 t - 4 scrolls of magic mapping {unknown}
 v - 4 scrolls of enchant weapon {unknown}
 x - a scroll of torment {unknown}
 z - a scroll of fog {unknown}
 F - a scroll of vulnerability {unknown}
 R - a scroll of enchant armour {unknown}
Potions
 d - 3 potions of mutation {unknown}
 l - 4 potions of agility {unknown}
 n - a potion of might {unknown}
 o - 3 potions of lignification {unknown}
 s - a potion of haste {unknown}
 D - 6 potions of curing {unknown}
 K - a potion of degeneration {unknown}
 L - a potion of heal wounds {unknown}
 P - a potion of beneficial mutation {unknown}
Books
 C - a Grand Grimoire

   Spells                             Type                      Level
   a - Monstrous Menagerie            Summoning                    7
   b - Summon Greater Demon           Summoning                    7
   c - Malign Gateway                 Summoning/Translocation      7
   d - Summon Horrible Things         Summoning                    8
   Trog disapproves of the use of such an item.
Comestibles
 c - 13 bread rations
 u - 2 slices of pizza


   Skills:
 + Level 9.0 Fighting
 * Level 10.8 Polearms
 + Level 4.9 Throwing
 + Level 8.3 Armour
 + Level 7.5 Dodging


You had 9 spell levels left.
You didn't know any spells.

Dungeon Overview and Level Annotations

Branches:
Dungeon (9/15)             Temple (0/1) D:7            Lair (0/8) D:9
    Orc (0/2) D:9

Altars:
Elyvilon
Kikubaaqudgha
Okawaru
Pakellas
Qazlal
Sif Muna
Trog
Vehumet
Yredelemnul

Shops:
D:5 [   D:6 =


Innate Abilities, Weirdness & Mutations

You reflexively headbutt those who attack you in melee.
You have a pair of horns on your head.


Message History

You are too injured to fight recklessly!
You are too injured to fight recklessly!
Your skin crawls.
You feel resistant to hostile enchantments.
You feel slightly more hungry.
The electric eel shoots out a bolt of lightning at you!
The bolt of electricity hits you!
* * * LOW HITPOINT WARNING * * *
The electric eel shoots out a bolt of lightning at you!
The bolt of electricity hits you!
* * * LOW HITPOINT WARNING * * *
The electric eel shoots out a bolt of lightning at you!
The bolt of electricity hits you!
* * * LOW HITPOINT WARNING * * *
The electric eel shoots out a bolt of lightning at you!
The bolt of electricity hits you!
* * * LOW HITPOINT WARNING * * *
The electric eel shoots out a bolt of lightning at you!
The bolt of electricity hits you!
You die...

#....###......≈≈≈≈≈≈≈≈.
#....###......≈≈≈≈≈≈≈≈.
#.............≈≈≈≈≈≈≈≈.
#.......#.#....≈≈≈≈≈≈≈.
#....(.................
###....##.#.....≈≈≈≈≈≈≈
#....##.#.....;≈≈≈≈≈≈
#....##+#.....≈≈≈≈≈≈≈
#........@#.≈.≈≈≈≈≈≈≈
#.........#.≈.≈≈≈≈≈≈≈
.###.............≈≈≈≈≈≈≈
#................(≈≈≈≈≈≈≈
####.........<...........
#..............;≈≈;≈≈≈
#..........(..≈≈≈≈≈≈≈≈
#..............≈≈≈≈≈≈≈
#............≈.≈≈≈≈≈≈


You could see an electric eel.

Vanquished Creatures
  The ghost of eragonby the Archer, an amateur CeHu of Okawaru (D:5)
  2 trolls (D:9)
  A two-headed ogre (D:8)
  Grinder (D:5)
  A spriggan (D:7)
  A hungry ghost (D:7)
  2 hippogriffs (D:8)
  A water moccasin (D:8)
  2 orc warriors (D:8)
  4 ice beasts
  A sky beast (D:7)
  A necrophage (D:7)
  An eye of draining (D:8)
  3 ogres
  A phantom (D:9)
  A centaur (D:5)
  4 giant frogs
  11 killer bees
  A howler monkey (D:8)
  3 electric eels
  2 crimson imps
  A giant frog zombie (D:5)
  10 hounds
  A quasit (D:8)
  A jelly (D:6)
  Crazy Yiuf (D:6)
  2 orc priests
  A giant frog skeleton (D:8)
  4 worker ants
  3 orc wizards
  3 iguanas
  A hound zombie (D:6)
  A worker ant zombie (D:5)
  A howler monkey zombie (D:4)
  9 adders
  3 gnolls (D:5)
  A howler monkey skeleton (D:4)
  A shadow imp (D:7)
  3 oozes
  3 worms (D:3)
  11 dart slugs
  5 giant geckos
  27 orcs
  6 giant cockroaches
  7 hobgoblins
  10 jackals
  8 kobolds
  4 quokkas
  4 ball pythons
  4 bats
  3 giant newts
  8 goblins
  A jackal zombie (D:5)
  5 rats
198 creatures vanquished.

Notes
Turn   | Place    | Note
--------------------------------------------------------------
     0 | D:1      | nikopol the Minotaur Berserker began the quest for the Orb.
     0 | D:1      | Reached XP level 1. HP: 19/19 MP: 0/0
    91 | D:1      | Reached XP level 2. HP: 26/27 MP: 1/1
   474 | D:1      | Reached skill level 4 in Polearms
   528 | D:1      | Reached ** piety under Trog
   614 | D:2      | Reached XP level 3. HP: 33/33 MP: 2/2
   962 | D:2      | Reached XP level 4. HP: 41/41 MP: 3/3
  1143 | D:2      | Found a white marble altar of Elyvilon.
  1698 | D:3      | Reached *** piety under Trog
  1827 | D:3      | Found a radiant altar of Vehumet.
  1829 | D:3      | Found an ancient bone altar of Kikubaaqudgha.
  1830 | D:3      | Found a deep blue altar of Sif Muna.
  1968 | D:3      | Reached skill level 5 in Fighting
  1968 | D:3      | Reached XP level 5. HP: 46/48 MP: 4/4
  2779 | D:4      | Reached skill level 5 in Polearms
  2812 | D:5      | Entered Level 5 of the Dungeon
  2859 | D:5      | Found an iron altar of Okawaru.
  2936 | D:5      | Found Jet Bapn's Armour Shoppe.
  3025 | D:5      | Noticed Grinder
  3035 | D:5      | Reached XP level 6. HP: 40/56 MP: 5/5
  3036 | D:5      | Paralysed by Grinder for 6 turns
  3056 | D:5      | Killed Grinder
  3306 | D:5      | Reached XP level 7. HP: 60/62 MP: 6/6
  3342 | D:5      | Reached skill level 5 in Armour
  3354 | D:5      | Found a stormy altar of Qazlal.
  3354 | D:5      | Found a basalt altar of Yredelemnul.
  3371 | D:5      | Noticed eragonby's ghost (amateur CeHu)
  3372 | D:5      | Reached skill level 6 in Polearms
  3376 | D:5      | Killed eragonby's ghost
  3376 | D:5      | Reached skill level 5 in Dodging
  3466 | D:5      | Reached **** piety under Trog
  3575 | D:5      | Reached XP level 8. HP: 71/71 MP: 7/7
  3851 | D:5      | Reached skill level 7 in Polearms
  3851 | D:5      | Reached skill level 1 in Throwing
  4626 | D:6      | Noticed Crazy Yiuf
  4635 | D:6      | Killed Crazy Yiuf
  4744 | D:6      | Found Wishrylu's Jewellery Emporium.
  4946 | D:6      | Reached skill level 8 in Polearms
  5167 | D:7      | Reached XP level 9. HP: 79/80 MP: 8/8
  5274 | D:7      | Found a staircase to the Ecumenical Temple.
  5744 | D:8      | Reached skill level 9 in Polearms
  6067 | D:8      | Found an oddly glowing altar of Pakellas.
  6104 | D:8      | Found a bloodstained altar of Trog.
  6235 | D:8      | Reached skill level 10 in Polearms
  6633 | D:8      | Reached XP level 10. HP: 22/90 MP: 9/9
  7010 | D:8      | Received a gift from Trog
  7151 | D:9      | Found a staircase to the Orcish Mines.
  7157 | D:9      | Found a staircase to the Lair.
  7806 | D:9      | HP: 1/91 [electric eel/bolt of electricity (9)]
  7809 | D:9      | Killed from afar by an electric eel

Skill      XL: |  1  2  3  4  5  6  7  8  9 10 |
---------------+-------------------------------+-----
Fighting       | 4 5 6 7 8 9 |  9.0
Polearms       | 4 5 6 8 10 | 10.8
Armour         | 3 4 5 6 7 8 |  8.3
Dodging        | 3 4 5 6 7 |  7.5
Throwing       | 2 4 |  4.9

Action                   |  1- 3 |  4- 6 |  7- 9 | 10-12 || total
-------------------------+-------+-------+-------+-------++-------
Melee: Spear             |   109 |   200 |   120 |       ||   429
       Headbutt          |    12 |    35 |    67 |     8 ||   122
       Trident           |       |       |   204 |    92 ||   296
Throw: Tomahawk          |       |       |    42 |     6 ||    48
Invok: Burn Spellbooks   |       |     1 |     2 |     1 ||     4
       Berserk           |       |     1 |     2 |     1 ||     4
       Trog's Hand       |       |       |     1 |     3 ||     4
  Eat: Chunk             |       |     6 |     5 |     5 ||    16
       Meat ration       |       |     1 |     1 |       ||     2
       Pizza             |       |       |     1 |       ||     1
Armor: Ring mail         |    22 |    33 |    76 |    19 ||   150
Dodge: Dodged            |    47 |    89 |   151 |    35 ||   322
Block: Other             |       |       |    31 |    17 ||    48
